 Dungeon Crawl Stone Soup version 0.24.0-123-gd5b16e6ec5 (webtiles) character file.

Game seed: 2498873574395335095, levelgen mode: deterministic

136 eccles the Skirmisher (level 4, -6/37 HPs)
             Began as a Demonspawn Abyssal Knight on Jan 24, 2020.
             Was a Follower of Lugonu.
             Mangled by Duvessa
             ... wielding a +0 short sword
              (15 damage)
             ... on level 4 of the Dungeon.
             The game lasted 00:05:59 (1506 turns).

eccles the Skirmisher (Demonspawn Abyssal Knight)   Turns: 1506, Time: 00:05:59

Health: -6/37      AC:  3    Str: 13    XL:     4   Next: 98%
Magic:  6/6        EV: 12    Int: 13    God:    Lugonu [*.....]
Gold:   124        SH:  0    Dex: 13    Spells: 3/3 levels left

rFire    . . .     SeeInvis .   a - +1 falchion
rCold    . . .     Gourm    .   (no shield)
rNeg     . . .     Faith    .   b - +0 leather armour
rPois    .         Spirit   .   (no helmet)
rElec    .         Reflect  .   (no cloak)
rCorr    .         Harm     .   (no gloves)
MR       .....                  (no boots)
Stlth    ..........             (no amulet)
HPRegen  0.12/turn              (no ring)
MPRegen  0.10/turn              (no ring)

@: confused
A: hooves 2
a: Depart the Abyss, Renounce Religion


You were on level 4 of the Dungeon.
You worshipped Lugonu.
Lugonu was aware of your devotion.
You were not hungry.

You visited 1 branch of the dungeon, and saw 3 of its levels.
You visited the Abyss 1 time.

You collected 124 gold pieces.

Inventory:

Hand Weapons
 a - a +1 falchion (weapon)
Missiles
 e - 7 javelins (quivered)
 j - 41 bolts
 k - 74 stones
 o - 19 sling bullets
Armour
 b - a +0 leather armour (worn)
Scrolls
 d - a scroll of random uselessness {unknown}
 g - a scroll of enchant armour {unknown}
 i - a scroll of remove curse {unknown}
 m - 2 scrolls of fear {unknown}
 q - a scroll of immolation {unknown}
Potions
 f - a potion of flight
 h - a potion of ambrosia
 p - a potion of might {unknown}
Comestibles
 c - 4 rations
 n - 3 chunks of flesh


   Skills:
 + Level 3.7 Fighting
 + Level 3.1 Long Blades
 + Level 2.6 Armour
 + Level 1.6 Dodging
 + Level 0.2 Stealth
 + Level 2.9 Invocations


You had 3 spell levels left.
You didn't know any spells.
Your spell library was empty.

Dungeon Overview and Level Annotations

Branches:
Dungeon (2/15)

Altars:
Elyvilon

Annotations:
D:4 Duvessa


Innate Abilities, Weirdness & Mutations

You have hoof-like feet.


Message History

You hit Duvessa. You kick Duvessa.
Duvessa is heavily wounded.
Duvessa closely misses you.
You riposte.
You hit Duvessa. Your kick misses Duvessa.
Duvessa is heavily wounded.
Duvessa hits you with a +0 short sword.
You hit Duvessa.
Duvessa is heavily wounded.
Duvessa hits you with a +0 short sword.
* * * LOW HITPOINT WARNING * * *
A jackal comes into view.
You feel better.
The jackal barks!
Duvessa hits you with a +0 short sword!
* * * LOW HITPOINT WARNING * * *
Duvessa hits you but does no damage.
It was a potion of ambrosia.
You are confused.
You feel invigorated. Duvessa hits you with a +0 short sword!
You die...

# #..# . # #### ##. #
. #### ########## ##.
#.. ...........
..###.######
#)....###..
........h.. ......#
#.#####..$...#
#.>...###.......e....#
........#.......@/...#
..#######.........####
#########.>...[####
...............#
############.### #.#
#.# #.# #..


You could see Duvessa (berserk) and a jackal.

Vanquished Creatures
  Dowan (D:4)
  A bullfrog skeleton (D:4)
  A worker ant (D:4)
  2 dart slugs
  A leopard gecko (D:2)
  3 bats (D:1)
  2 giant cockroaches
  8 goblins
  4 hobgoblins (D:1)
  5 jackals
  2 frilled lizards
30 creatures vanquished.

Notes
Turn   | Place    | Note
-------+----------+-------------------------------------------
     0 | Abyss:1  | eccles the Demonspawn Abyssal Knight began the quest for
                  | the Orb.
     0 | Abyss:1  | Reached XP level 1. HP: 18/18 MP: 2/2
    37 | Abyss:1  | Noticed a smoke demon
    38 | D:1      | Escaped the Abyss
   173 | D:1      | Gained mutation: You have large cloven feet. [demonic
                  | ancestry]
   173 | D:1      | Reached XP level 2. HP: 19/24 MP: 3/3
   384 | D:1      | Reached * piety under Lugonu
   745 | D:1      | Reached skill level 1 in Dodging
   745 | D:1      | Reached XP level 3. HP: 29/29 MP: 4/4
   938 | D:2      | Found a white marble altar of Elyvilon.
  1062 | D:2      | You fall into a shaft and drop 2 floors!
  1279 | D:4      | Noticed Dowan
  1279 | D:4      | Noticed Duvessa
  1307 | D:4      | Gained mutation: You have hoof-like feet. [demonic
                  | ancestry]
  1307 | D:4      | Reached XP level 4. HP: 15/36 MP: 6/6
  1328 | D:4      | Killed Dowan
  1506 | D:4      | Mangled by Duvessa

Levels and vault maps discovered:
D:1:      noname_arrival_rooms_in_the_neighbourhood, layout_basic
D:2:      layout_rooms, lemuel_crystal_altar
D:4:      layout_basic, serial_shops, nicolae_shop_trees, uniq_duvessa

Skill      XL: |  1  2  3  4 |
---------------+-------------+-----
Long Blades    | 2 3 |  3.1
Armour         | 2 |  2.6
Dodging        | 1 |  1.6
Fighting       | |  3.7
Stealth        | |  0.2
Invocations    | |  2.9

Action                   |  1- 3 |  4- 6 || total
-------------------------+-------+-------++-------
Melee: Falchion          |   100 |    13 ||   113
       Kick              |    25 |     6 ||    31
Invok: Depart the Abyss  |     1 |       ||     1
  Use: Potion            |       |     4 ||     4
  Eat: Chunk             |     1 |     1 ||     2
Armor: Leather armour    |    32 |     2 ||    34
Dodge: Dodged            |    67 |    10 ||    77
       Rpst.: Falchion   |    22 |     5 ||    27
